AoeStats
← ;

Arabia

510626510Analyzed
1v1 RM · 14h ago on Oct 1, 2026· 61m 52s· 2 players
Game mode
Random Map
Map size
Tiny (2 player)
Population
200
Speed
Normal
Resources
Standard
Victory
Conquest
Starting age
Dark Age
Ending age
Imperial Age
RankedLock teamsTeams togetherTeam positionsShared explorationLock speedFull tech treeHidden civsTurbo modeCheats
Victory
Defeat
🇩🇪 Armenians · Germany
1096
+15
🇩🇪 Magyars · Germany
1065
-15
florianstallner
6:56 Loom
10:09 Feudal Age
10:39 Man-at-Arms
13:46 Long Swordsman
21:09 Castle Age
19:54 Horse Collar
20:39 Double-Bit Axe
29:32 Bow Saw
35:09 Bloodlines
35:18 Husbandry
43:11 Two-Handed Swordsman
43:37 Gambesons
43:53 Squires
43:39 Arson
47:41 Imperial Age
48:33 Cavalier
48:49 Cavalier
49:33 Pikeman
49:59 Heavy Scorpion
50:18 Champion
51:21 Capped Ram
54:38 Forging
54:28 Scale Mail Armor
55:21 Siege Ram
;
6:39 Loom
9:07 Feudal Age
9:55 Double-Bit Axe
20:03 Castle Age
19:41 Gold Mining
19:45 Fletching
19:42 Horse Collar
21:01 Bow Saw
20:50 Bodkin Arrow
24:09 Husbandry
35:51 Bloodlines
35:03 Light Cavalry
36:50 Stone Mining
41:31 Wheelbarrow
43:29 Imperial Age
42:08 Scale Barding Armor
44:16 Heavy Plow
43:45 Heavy Cavalry Archer
44:52 Parthian Tactics
45:20 Bracer
46:25 Conscription
46:49 Thumb Ring
47:11 Ballistics
52:46 Chemistry
51:57 Masonry
51:55 Siege Engineers
53:19 Recurve Bow
57:58 Murder Holes
58:13 Corvinian Army
Connection lost

Rejoining the realm…

Still unreachable

The connection could not be restored.

Session expired

The server has moved on; the page needs a fresh start.